 Dungeon Crawl Stone Soup version bcrawl-1.35.4c (webtiles) character file.

Game seed: 10180611003853301122

227377 einarkeyser the Archer (level 6, -1/48 HPs)
             Began as a Centaur Hunter on Mar 3, 2022.
             Slain by a worker ant (2 damage)
             ... on level 3 of the Dungeon.
             The game lasted 00:07:32 (2517 turns).

einarkeyser the Archer (Centaur Hunter)             Turns: 2517, Time: 00:07:32

Health: -1/48      AC:  6    Str: 17    XL:     6   Next: 53%
Magic:  6/6        EV:  8    Int: 11    God:
Gold:   220        SH:  0    Dex: 11    Spells: 5/5 levels left

rFire    . . .     SeeInvis .   a - +2 shortbow
rCold    . . .     Gourm    .   (shield currently unavailable)
rNeg     . . .     Faith    .   q - +0 scale mail
rPois    .         Spirit   .   (no helmet)
rElec    .         Reflect  .   (no cloak)
rCorr    .                      (no gloves)
MR       .....                  (no barding)
Stlth    ..........             (no amulet)
HPRegen  0.16/turn              (no ring)
MPRegen  0.10/turn              (no ring)

@: lethally poisoned (-1 -> -10), very quick
A: large, hooves 3, deformed body, herbivore, speed 2, tough skin 3
a: no special abilities


You were on level 3 of the Dungeon.
You were not hungry.

You visited 1 branch of the dungeon, and saw 4 of its levels.

You collected 220 gold pieces.

Inventory:

Hand Weapons
 a - a +2 shortbow (weapon)
 b - a +0 short sword
 l - a +2 dagger of electrocution
Missiles
 d - 40 arrows (quivered)
Armour
 o - a +0 ring mail
 q - a +0 scale mail (worn)
Scrolls
 g - 2 scrolls of magic mapping
 h - a scroll of immolation {unknown}
 i - a scroll of fog {unknown}
 m - a scroll of amnesia {unknown}
 r - a scroll of remove curse
 s - 2 scrolls of noise {unknown}
Potions
 c - a potion of brilliance
 f - a potion of haste
 k - a potion of agility
 n - a potion of resistance {unknown}
 p - a potion of flight {unknown}
Comestibles
 e - 4 rations {!d}


   Skills:
 - Level 2.1 Fighting
 + Level 9.9 Bows
 - Level 2.0 Dodging
 - Level 1.0 Stealth


You had 5 spell levels left.
You didn't know any spells.
Your spell library was empty.

Dungeon Overview and Level Annotations

Branches:
Dungeon (4/12)
 Temple: D:4-7

Altars:
Ru
Trog
The Shining One


Innate Abilities, Weirdness & Mutations

You have hooves in place of feet.
Armour fits poorly on your strangely shaped body.
You are a herbivore.
You cover ground very quickly.
You have extremely tough skin. (AC +3)


Message History

Firing (i - inventory)
d - 42 arrows (quivered)
Press: ? - help, Shift-Dir - straight line, f - worker ant
Aim: a worker ant You shoot an arrow.
The arrow closely misses the worker ant.
The worker ant bites you.
The ogre hits you with a +0 giant spiked club!!
* * * LOW HITPOINT WARNING * * *
The scorpion stings you.
* * * LOW HITPOINT WARNING * * *
You are lethally poisoned!
The scorpion poisons you!
Firing (i - inventory)
d - 41 arrows (quivered)
Press: ? - help, Shift-Dir - straight line, f/p - worker ant
Aim: a worker ant You shoot an arrow.
The arrow hits the worker ant.
The worker ant is heavily wounded.
* * * LOW HITPOINT WARNING * * *
You feel sick. The worker ant bites you.
You die...

............#.............#
........#####.####..#.##..##
........'..................#
........#####.####.######.##
....)...# #.<........#...#
..(###### #.#......#.#..##
##.# #....#...#.#..#
##.#############a#####.#.##
.......().....OO@s.....#.#
##.####.####.#####.......#
##...........##......#####
######......###.##.### #
#......# #....# #......#
###### #......# # #......# #
#......#


You could see 2 ogres, a scorpion and a worker ant.

Vanquished Creatures
  An orc priest (D:3)
  A crimson imp (D:3)
  Terence (D:2)
  Jessica (D:2)
  An iguana (D:3)
  7 gnolls (D:3)
  8 adders
  2 oozes
  6 worms (D:2)
  A leopard gecko (D:2)
  7 orcs
  7 bats
  A giant cockroach (D:3)
  7 goblins
  12 hobgoblins
  5 jackals
  A quokka (D:2)
  2 ball pythons (D:3)
  2 frilled lizards
  6 kobolds
  5 rats
84 creatures vanquished.

Notes
Turn   | Place    | Note
-------+----------+-------------------------------------------
     0 | D:1      | einarkeyser the Centaur Hunter began the quest for the Orb.
     0 | D:1      | Reached XP level 1. HP: 17/17 MP: 1/1
   194 | D:1      | Reached XP level 2. HP: 24/24 MP: 2/2
   220 | D:1      | Reached skill level 1 in Stealth
   554 | D:2      | Noticed Terence
   577 | D:2      | Killed Terence
   578 | D:2      | Reached skill level 6 in Bows
   578 | D:2      | Reached XP level 3. HP: 29/29 MP: 3/3
   710 | D:2      | Reached XP level 4. HP: 36/36 MP: 4/4
   821 | D:2      | Reached skill level 7 in Bows
   990 | D:2      | Found a sacrificial altar of Ru.
  1016 | D:2      | Noticed Jessica
  1018 | D:2      | Killed Jessica
  1110 | D:3      | Reached XP level 5. HP: 41/41 MP: 5/5
  1138 | D:3      | Found a glowing golden altar of the Shining One.
  1160 | D:3      | Reached skill level 8 in Bows
  1483 | D:3      | Reached skill level 9 in Bows
  1497 | D:3      | Reached XP level 6. HP: 40/48 MP: 6/6
  1715 | D:3      | Found a bloodstained altar of Trog.
  2366 | D:4      | HP: 1/48 [ogre/+0 giant spiked club (25)]
  2516 | D:3      | HP: 1/48 [scorpion (5)]
  2517 | D:3      | Slain by a worker ant

Skill      XL: |  1  2  3  4  5 |
---------------+----------------+-----
Stealth        | 1 |  1.0
Bows           | 6 7 9 |  9.9
Dodging        | 2 |  2.0
Fighting       | |  2.1

Action                   |  1- 3 |  4- 6 || total
-------------------------+-------+-------++-------
 Fire: Shortbow          |   101 |   199 ||   300
  Use: Scroll            |     3 |     5 ||     8
       Potion            |       |     2 ||     2
  Eat: Ration            |       |     3 ||     3
Armor: Ring mail         |    17 |     4 ||    21
       Scale mail        |       |    13 ||    13
Dodge: Dodged            |    12 |    15 ||    27
